 Dungeon Crawl Stone Soup version 0.28-a0-1182-g381e24db82 (webtiles) character file.

Game seed: 12933684785074666332

601 lonewolfV2 the Chopper (level 7, 0/61 HPs)
             Began as a Minotaur Chaos Knight on Dec 16, 2021.
             Was a Plaything of Xom.
             Succumbed to Crazy Yiuf's poison
             ... on level 3 of the Dungeon.
             The game lasted 00:04:12 (3383 turns).

lonewolfV2 the Chopper (Minotaur Chaos Knight)      Turns: 3383, Time: 00:04:13

Health: 0/61       AC:  5    Str: 19    XL:     7   Next: 18%
Magic:  6/6        EV: 12    Int:  9    God:    Xom [....*.]
Gold:   60         SH:  0    Dex:  9    Spells: 6/6 levels left

rFire   . . .      SeeInvis .   c - +2 dagger (speed)
rCold   . . .      Faith    .   (no shield)
rNeg    . . .      Spirit   .   b - +2 leather armour
rPois   .          Reflect  .   (helmet restricted)
rElec   .          Harm     .   (no cloak)
rCorr   .          Rampage  .   (no gloves)
Will    .....                   (no boots)
Stlth   +.........              (no amulet)
HPRegen 0.20/turn               (no ring)
MPRegen 0.10/turn               (no ring)

@: lethally poisoned (0 -> -1)
A: horns 2, retaliatory headbutt
a: Renounce Religion


You were on level 3 of the Dungeon.
You worshipped Xom.
You were a beloved toy of Xom.
You visited 1 branch of the dungeon, and saw 3 of its levels.

You collected 60 gold pieces.

Inventory:

Hand Weapons
 a - a +0 hand axe of chaos
 c - a +2 dagger of speed (weapon)
Armour
 b - a +2 leather armour (worn)


   Skills:
 + Level 5.6 Fighting
 + Level 0.3 Short Blades
 + Level 6.7 Axes
 + Level 4.1 Armour
 + Level 3.8 Dodging
 + Level 1.4 Stealth


You had 6 spell levels left.
You didn't know any spells.
Your spell library contained the following spells:

 Spells                   Type           Power      Damage    Failure   Level
 Airstrike                Air            0%         N/A       99%         4
 Summon Lightning Spire   Summ/Air       0%         N/A       99%         4
 Lightning Bolt           Conj/Air       0%         1d11      100%        5


Dungeon Overview and Level Annotations

Branches:
Dungeon (3/15)

Altars:


Innate Abilities, Weirdness & Mutations

You have a pair of horns on your head.
You reflexively headbutt those who attack you in melee.


Message History

It was a potion of heal wounds.
You feel much better.
Xom roars with laughter!
You feel sick.
Crazy Yiuf hits you with a +2 quarterstaff of chaos.
You are lethally poisoned!
You hit Crazy Yiuf but do no damage.
Crazy Yiuf is almost dead.
* * * LOW HITPOINT WARNING * * *
You feel very sick.
Crazy Yiuf says, "Reason is nothing but a wonderful and unintelligible Instinct in our souls."
Crazy Yiuf barely misses you. You furiously retaliate!
You headbutt Crazy Yiuf.
You kill Crazy Yiuf!
* * * LOW HITPOINT WARNING * * *
You feel very sick.
There is an open translucent door, spattered with blood here.
Items here: ! ) [ †.
* * * LOW HITPOINT WARNING * * *
You feel very sick.
* * * LOW HITPOINT WARNING * * *
You feel sick.
There is a lethal amount of poison in your body!
* * * LOW HITPOINT WARNING * * *
You feel very sick.
* * * LOW HITPOINT WARNING * * *
You feel sick.
There is an open translucent door, spattered with blood here.
Items here: ! ) [ †.
* * * LOW HITPOINT WARNING * * *
You feel sick.
* * * LOW HITPOINT WARNING * * *
You feel sick.
There is an open translucent door, spattered with blood here.
Items here: ! ) [ †.
* * * LOW HITPOINT WARNING * * *
You feel sick.
* * * LOW HITPOINT WARNING * * *
You feel sick.
You die...
Xom thinks this is hilarious!

#..# #.........##.# #.#
#..# #.......####.# #.#
#..# #.......# #.# #.#
#..# ######### ### #.#
#..# ##[### #..#
#######....# #..#
########.#....#.#.# #..#
#...##..#.PP....#.##
#..#########
#..@).####.P....#...
#......>...# #)..###
##.....#### #..#########
##### #####.# # #.## ### #
#.# # #.# # #.# # #.# #
#.#
##########################


There were no monsters in sight!

Vanquished Creatures
  A black bear (D:3)
  Crazy Yiuf (D:3)
  Robin (D:3)
  4 adders (D:2)
  2 worms
  2 orcs (D:3)
  7 ball pythons
  7 bats
  3 endoplasms
  4 giant cockroaches
  14 goblins
  7 hobgoblins
  2 jackals (D:1)
  A kobold (D:1)
  A quokka (D:1)
  3 frilled lizards
  A rat (D:2)
61 creatures vanquished.

Vanquished Creatures (collateral kills)
  A cyclops (shapeshifter) (D:3)
  An orc (D:3)
  A quokka (D:3)
3 creatures vanquished.

Grand Total: 64 creatures vanquished

Notes
Turn   | Place    | Note
-------+----------+-------------------------------------------
     0 | D:1      | lonewolfV2 the Minotaur Chaos Knight began the quest for
                  | the Orb.
     0 | D:1      | Reached XP level 1. HP: 19/19 MP: 0/0
    84 | D:1      | XOM: silly message
   247 | D:1      | Reached XP level 2. HP: 22/27 MP: 1/1
   852 | D:2      | XOM: silly message
   913 | D:2      | Reached skill level 4 in Axes
  1030 | D:2      | Found a faded altar of an unknown god.
  1036 | D:2      | Reached XP level 3. HP: 33/33 MP: 2/2
  1300 | D:2      | XOM: butterfly on damage
  1490 | D:2      | Reached XP level 4. HP: 32/41 MP: 3/3
  1502 | D:2      | XOM: draining
  1691 | D:2      | XOM: 1-stop teleportation journey
  1978 | D:3      | Noticed Robin
  2001 | D:3      | XOM: smoke on damage
  2010 | D:3      | Killed Robin
  2483 | D:3      | Found a runed translucent door.
  2484 | D:3      | Noticed Crazy Yiuf
  2570 | D:3      | Noticed a glowing shapeshifter
  2570 | D:3      | Noticed a cyclops
  2570 | D:3      | a glowing shapeshifter changed into a cyclops
  2574 | D:3      | Killed a cyclops
  2575 | D:3      | Reached skill level 5 in Fighting
  2575 | D:3      | Reached skill level 6 in Axes
  2575 | D:3      | Reached skill level 1 in Stealth
  2575 | D:3      | Reached XP level 5. HP: 22/48 MP: 4/4
  2575 | D:3      | Reached XP level 6. HP: 25/56 MP: 5/5
  2900 | D:3      | XOM: enchant monster (bad)
  2909 | D:3      | Reached XP level 7. HP: 43/61 MP: 6/6
  3241 | D:3      | XOM: silly message
  3373 | D:3      | Killed Crazy Yiuf
  3380 | D:3      | HP: 3/61 [poisoned by Crazy Yiuf]
  3382 | D:3      | HP: 1/61 [poisoned by Crazy Yiuf]
  3383 | D:3      | Succumbed to Crazy Yiuf's poison

Illustrated notes

Levels and vault maps discovered:
D:1:      dpeg_arrival_pits, layout_basic
D:2:      layout_loops_corners, nicolae_ecumenical_snake_handling
D:3:      layout_basic, uniq_crazy_yiuf_cottage, uniq_robin

Skill      XL: |  1  2  3  4 |
---------------+-------------+-----
Fighting       | 4 5 |  5.6
Axes           | 4 6 |  6.7
Armour         | 3 4 |  4.1
Dodging        | 3 |  3.8
Stealth        | 1 |  1.4
Short Blades   | |  0.3

Action                   |  1- 3 |  4- 6 |  7- 9 || total
-------------------------+-------+-------+-------++-------
Melee: Hand axe          |    74 |    57 |       ||   131
       Headbutt          |     8 |    14 |     1 ||    23
       Dagger            |       |    17 |    11 ||    28
  Use: Scroll            |     1 |     1 |       ||     2
       Potion            |       |     2 |     1 ||     3
 Stab: Paralysed         |     1 |       |       ||     1
Armor: Leather armour    |    34 |    33 |       ||    67
Dodge: Dodged            |    55 |    27 |     2 ||    84

Table legend: (Time is in decaauts)
 A = Elapsed time spent in this place.
 B = Non-inter-level travel time spent in this place.
 C = Inter-level travel time spent in this place.
 D = Time resting spent in this place.
 E = Time spent auto-exploring this place.
 F = Levels seen in this place.
 G = Mean time per level.
                   A        B        C        D        E       F      G
               +--------+--------+--------+--------+--------+-----+--------+
         Total |   3367 |   3305 |     62 |    417 |   2406 |   3 | 1122.3 |
       Dungeon |   3367 |   3305 |     62 |    417 |   2406 |   3 | 1122.3 |
               +--------+--------+--------+--------+--------+-----+--------+

Top non-repeatable levels by time:
     D:3: 1413 daAuts
     D:2: 1194 daAuts
     D:1: 760 daAuts
